 Dungeon Crawl Stone Soup version 0.23.2-40-g277498a001 (webtiles) character file.

Game seed: 410003305825991234

16 MalarOregon the Skirmisher (level 2, 0/24 HPs)
             Began as a Merfolk Fighter on Aug 13, 2019.
             Succumbed to an adder's poison
             ... on level 1 of the Dungeon.
             The game lasted 00:01:18 (899 turns).

MalarOregon the Skirmisher (Merfolk Fighter)         Turns: 899, Time: 00:01:18

Health: 0/24       AC:  7    Str: 21    XL:     2   Next: 58%
Magic:  2/2        EV:  7    Int:  7    God:
Gold:   62         SH:  9    Dex: 13    Spells: 1/1 levels left

rFire    . . .     SeeInvis .   a - +0 long sword
rCold    . . .     Gourm    .   c - +0 shield
rNeg     . . .     Faith    .   k - +0 scale mail (curse)
rPois    .         Spirit   .   (no helmet)
rElec    .         Reflect  .   (no cloak)
rCorr    .         Harm     .   (no gloves)
MR       .....                  h - +0 pair of boots
Stlth    ..........             (no amulet)
HPRegen  0.08/turn              (no ring)
MPRegen  0.08/turn              (no ring)

@: mighty, lethally poisoned (0 -> -9), about to teleport
A: change form in water, swift swim, stealthy swim
a: no special abilities


You were on level 1 of the Dungeon.
You were not hungry.

You visited 1 branch of the dungeon, and saw 2 of its levels.

You collected 62 gold pieces.

Inventory:

Hand Weapons
 a - a +0 long sword (weapon)
Armour
 c - a +0 shield (worn)
 h - a +0 pair of boots (worn)
   (You found it on level 1 of the Dungeon)
 k - a cursed +0 scale mail (worn)
   (You found it on level 1 of the Dungeon)
Scrolls
 i - a scroll of blinking {unknown}
 j - a scroll of enchant armour {unknown}
 l - a scroll of immolation {unknown}
 m - a scroll of identify {unknown}
Comestibles
 e - 2 rations {!d}


   Skills:
 + Level 3.5 Fighting
 + Level 2.5 Long Blades
 + Level 2.3 Armour
 + Level 3.2 Shields


You had one spell level left.
You didn't know any spells.
Your spell library was empty.

Dungeon Overview and Level Annotations

Branches:
Dungeon (2/15)

Altars:


Message History

You are more poisoned.
The adder poisons you!
* * * LOW HITPOINT WARNING * * *
You feel sick. The adder bites you.
* * * LOW HITPOINT WARNING * * *
You are more poisoned.
The adder poisons you!
* * * LOW HITPOINT WARNING * * *
You feel sick. The adder bites you.
* * * LOW HITPOINT WARNING * * *
The adder barely misses you.
You feel less invigorated.
You feel less confused.
* * * LOW HITPOINT WARNING * * *
You feel sick. The adder barely misses you.
Unknown command.
There is a lethal amount of poison in your body!
You feel very mighty all of a sudden.
* * * LOW HITPOINT WARNING * * *
You feel sick. The adder bites you but does no damage.
You miss the adder.
* * * LOW HITPOINT WARNING * * *
You feel sick. The adder bites you but does no damage.
You block the adder's attack.
You slash the adder!
You kill the adder!
You have reached level 2!
* * * LOW HITPOINT WARNING * * *
You feel sick. The hobgoblin closely misses you.
Unknown command.
You slash the hobgoblin!
You kill the hobgoblin!
* * * LOW HITPOINT WARNING * * *
You feel sick.
There is a lethal amount of poison in your body!
As you read the scroll labeled FOTOMN ZISSACK, it crumbles to dust.
It is a scroll of amnesia.
You feel forgetful for a moment.
* * * LOW HITPOINT WARNING * * *
You feel sick.
As you read the scroll labeled GUXZUE YZUWIUGIG, it crumbles to dust.
You feel strangely unstable.
It was a scroll of teleportation.
Unknown command.
* * * LOW HITPOINT WARNING * * *
You feel sick.
Things that are here:
a +0 club; an adder corpse
* * * LOW HITPOINT WARNING * * *
You feel sick.
You die...

.###.# #.............#####.#..
..##.# #........##............
.....# ###########......##....
#.#### #................
#.######### #................
..[>......# #................
..........# #...[............
..........#######................
..............).@................
..........#######.>.............>
..........# #................
..........# #................
..........# ##########.##....
..........# #.###### ..........#
#.# ...)......# ###### #.######
.......(..# #....# #......(


There were no monsters in sight!

Vanquished Creatures
  An adder (D:1)
  3 hobgoblins (D:1)
  A bat (D:1)
  A kobold (D:1)
  3 rats (D:1)
9 creatures vanquished.

Notes
Turn   | Place    | Note
-------+----------+-------------------------------------------
     0 | D:1      | MalarOregon the Merfolk Fighter began the quest for the
                  | Orb.
     0 | D:1      | Reached XP level 1. HP: 18/18 MP: 1/1
   893 | D:1      | Reached XP level 2. HP: 7/24 MP: 2/2
   898 | D:1      | HP: 1/24 [poisoned by an adder]
   899 | D:1      | Succumbed to an adder's poison

Action                   || total
-------------------------++-------
Melee: Long sword        ||    42
  Use: Potion            ||     2
       Scroll            ||     2
Armor: Scale mail        ||    26
Dodge: Dodged            ||    22
Block: Shield            ||    25
       Rpst.: Long sword ||     8
